 Dungeon Crawl Stone Soup version 0.31.0-12-g77e489cdc1 (webtiles) character file.

Game seed: 18100832656415187233

1201664 Gartch the Priest (level 24, 249/249 (267) HPs)
             Began as a Hill Orc Monk on Jan 24, 2024.
             Was a Believer of Beogh.
             Escaped with the Orb
             ... and 3 runes on Mar 3, 2024!
             The game lasted 21:06:13 (124821 turns).

Gartch the Priest (Hill Orc Monk)                 Turns: 124821, Time: 21:06:14

HP:   249/249 (267) AC: 32    Str: 27      XL:     24   Next: 72%
MP:   40/40         EV: 15    Int: 11      God:    Beogh [**....]
Gold: 811           SH: 23    Dex: 12 (13) Spells: 23/23 levels left

rFire   + . .        a - +9 hand axe (elec)
rCold   + . .        m - +5 kite shield {reflect}
rNeg    . . .        i - +1 gold dragon scales
rPois   +            p - +2 helmet of Indecent Exposure {Regen+ Dex+3}
rElec   +            T - +0 cloak {Will+}
rCorr   .            (no gloves)
SInv    +            k - +1 pair of boots of Chill Winds {Fly rElec Regen+ Dex-4}
Will    ++++.        l - amulet of regeneration Stlth
                     j - ring of see invisible
HPRegen 3.01/turn    M - ring of Zuocaufe {^Contam rPois Will++ EV+5 Int+2}
MPRegen 0.27/turn

%: reflection
@: flying, studying Earth Magic, drained
A: large bone plates 1, deterioration 1, robust 1, strong 1, evolution 1
0: Orb of Zot
}: 3/15 runes: decaying, serpentine, silver
a: Renounce Religion, Smiting


You escaped.
You worshipped Beogh.
Beogh was pleased with you.
You visited 9 branches of the dungeon, and saw 45 of its levels.
You visited 1 bazaar.
You also visited: Wizlab.

You collected 5452 gold pieces.
You spent 4641 gold pieces at shops.

Inventory:

Hand Weapons
 a - a +9 hand axe of electrocution (weapon)
 b - a +0 war axe of flaming
Missiles
 h - 22 boomerangs (quivered)
 u - 5 atropa-tipped darts
 K - 5 throwing nets
Armour
 i - +1 gold dragon scales (worn)
 k - the +1 pair of boots of Chill Winds (worn) {Fly rElec Regen+ Dex-4}
   (You bought it in a shop on level 2 of the Orcish Mines)

   Dex-4:     It affects your dexterity (-4).
   rElec:     It insulates you from electricity.
   Fly:       It grants you flight.
   Regen+:    It increases your rate of health regeneration.
 m - a +5 kite shield of reflection (worn)
 p - the +2 helmet of Indecent Exposure (worn) {Regen+ Dex+3}
   (You bought it in a shop on level 2 of the Orcish Mines)

   Dex+3:     It affects your dexterity (+3).
   Regen+:    It increases your rate of health regeneration.
 J - a +2 pair of gloves of stealth
 T - a +0 cloak of willpower (worn)
Jewellery
 d - a ring of willpower
 j - a ring of see invisible (left hand)
 l - an amulet of regeneration (around neck)
 o - a ring of protection from fire
 s - a ring of resist corrosion
 w - a ring of positive energy
 x - the ring of Zifosa {Ice Will+ rCorr Slay+3}
   (You took it off Josephina on level 2 of the Realm of Zot)

   [ring of ice]

   Ice:       It enhances your ice magic.
   Slay+3:    It affects your accuracy & damage with ranged weapons and melee
   (+3).
   rF-:       It makes you vulnerable to fire.
   rC+:       It protects you from cold.
   Will+:     It increases your willpower.
   rCorr:     It protects you from acid and corrosion.
 H - a ring of protection from fire
 M - the ring of Zuocaufe (right hand) {^Contam rPois Will++ EV+5 Int+2}
   (You found it on level 1 of the Lair of Beasts)

   [ring of evasion]

   EV+5:      It affects your evasion (+5).
   Int+2:     It affects your intelligence (+2).
   rPois:     It protects you from poison Will++: It greatly increases your
   willpower.
   ^Contam:   It causes magical contamination when unequipped.
 R - the ring of Patience {rElec rN+ Will+ Str+6 Dex+3}
   (You took it off a yaktaur captain on level 4 of the Vaults)

   [ring of strength]

   Str+6:     It affects your strength (+6).
   Dex+3:     It affects your dexterity (+3).
   rElec:     It insulates you from electricity.
   rN+:       It protects you from negative energy.
   Will+:     It increases your willpower.
Wands
 y - a wand of flame (73)
 D - a wand of roots (40)
 E - a wand of mindburst (32)
 G - a wand of quicksilver (20)
 P - a wand of polymorph (31)
 U - a wand of charming (58)
 W - a wand of digging (7)
Scrolls
 q - 12 scrolls of teleportation
 t - a scroll of revelation
 C - a scroll of blinking
 O - 4 scrolls of fear
 Q - 4 scrolls of fog
 X - 4 scrolls of silence
 Z - a scroll of immolation
Potions
 c - 3 potions of ambrosia
 e - 3 potions of haste
 f - 8 potions of might
 g - 5 potions of mutation
 n - 14 potions of curing
 r - 2 potions of invisibility
 v - 2 potions of resistance
 z - 7 potions of cancellation
 A - 2 potions of magic
 F - 3 potions of brilliance
 L - 4 potions of attraction
 S - 5 potions of berserk rage
 V - 10 potions of enlightenment
 Y - 3 potions of lignification
Miscellaneous
 N - a phantom mirror (inert)


   Skills:
 - Level 25.5 Fighting
 - Level 24.0 Axes
 + Level 19.7 Armour
 - Level 13.0 Dodging
 - Level 19.0 Shields
 - Level 26.0 Invocations
 - Level 12.0 Evocations


You had 23 spell levels left.
You didn't know any spells.
Your spell library contained the following spells:

 Spells                   Type           Power      Damage    Failure   Level
 Kiss of Death            Conj/Necr      0%         2d5       99%         1
 Necrotise                Necr           0%         1d4       99%         1
 Shock                    Conj/Air       0%         1d3       99%         1
 Sting                    Conj/Alch      0%         1d3       99%         1
 Blink                    Tloc           0%         N/A       100%        2
 Call Imp                 Summ           0%         N/A       100%        2
 Ensorcelled Hibernation  Hex/Ice        0%         N/A       100%        2
 Lesser Beckoning         Tloc           0%         N/A       100%        2
 Mercury Vapours          Alch/Air       0%         N/A       100%        2
 Momentum Strike          Conj/Tloc      0%         3d8       100%        2
 Scorch                   Fire           0%         2d5       100%        2
 Sublimation of Blood     Necr           0%         N/A       100%        2
 Confusing Touch          Hex            0%         N/A       100%        3
 Dazzling Flash           Conj/Hex       0%         N/A       100%        3
 Frozen Ramparts          Ice            0%         1d1       100%        3
 Gell's Gravitas          Tloc           0%         N/A       100%        3
 Inner Flame              Hex/Fire       0%         N/A       100%        3
 Stone Arrow              Conj/Erth      0%         3d7       100%        3
 Swiftness                Air            0%         N/A       100%        3
 Teleport Other           Tloc           0%         N/A       100%        3
 Vampiric Draining        Necr           0%         2d6       100%        3
 Volatile Blastmotes      Fire/Tloc      0%         2d10      100%        3
 Airstrike                Air            0%         2d(0-16)  100%        4
 Anguish                  Hex/Necr       0%         N/A       100%        4
 Animate Dead             Necr           0%         N/A       100%        4
 Cause Fear               Hex            0%         N/A       100%        4
 Dimensional Bullseye     Hex/Tloc       0%         N/A       100%        4
 Dispel Undead            Necr           0%         3d6       100%        4
 Flame Wave               Conj/Fire      0%         2d4       100%        4
 Fulminant Prism          Conj/Alch      0%         3d5       100%        4
 Leda's Liquefaction      Alch/Erth      0%         N/A       100%        4
 Martyr's Knell           Necr/Summ      0%         N/A       100%        4
 Olgreb's Toxic Radiance  Alch           0%         N/A       100%        4
 Passage of Golubria      Tloc           0%         N/A       100%        4
 Sticky Flame             Fire/Alch      0%         2d4       100%        4
 Borgnjor's Vile Clutch   Necr/Erth      0%         N/A       100%        5
 Curse of Agony           Necr           0%         N/A       100%        5
 Irradiate                Conj/Alch      0%         3d11      100%        5
 Iskenderun's Battlesphe  Conj           0%         2d6       100%        5
 Lee's Rapid Deconstruct  Erth           0%         3d4*      100%        5
 Silence                  Hex/Air        0%         N/A       100%        5
 Summon Forest            Summ/Tloc      0%         N/A       100%        5
 Bombard                  Conj/Erth      0%         9d1       100%        6
 Conjure Ball Lightning   Conj/Air       0%         3x3d6     100%        6
 Dispersal                Tloc           0%         N/A       100%        6
 Eringya's Noxious Bog    Alch           0%         4d6       100%        6
 Starburst                Conj/Fire      0%         6d3       100%        6
 Enfeeble                 Hex            0%         N/A       100%        7
 Haunt                    Necr/Summ      0%         N/A       100%        7
 Spellforged Servitor     Conj/Summ      0%         N/A       100%        7
 Summon Hydra             Summ           0%         N/A       100%        7
 Borgnjor's Revivificati  Necr           0%         N/A       100%        8
 Ignition                 Fire           0%         3d3       100%        8
 Infestation              Necr           0%         N/A       100%        8
 Lehudib's Crystal Spear  Conj/Erth      0%         10d2      100%        8
 Maxwell's Capacitive Co  Air            0%         ∞         100%        8
 Chain Lightning          Conj/Air       0%         N/A       100%        9
 Death's Door             Necr           0%         N/A       100%        9
 Dragon's Call            Summ           0%         N/A       100%        9
 Fire Storm               Conj/Fire      0%         5d1       100%        9
 Shatter                  Erth           0%         3d5*      100%        9


Dungeon Overview and Level Annotations

Branches:
Dungeon (15/15)            Temple (0/1) D:7            Lair (4/5) D:10
  Swamp (4/4) Lair:3        Snake (4/4) Lair:3        Slime (0/5) Lair:4
    Orc (2/2) D:12            Elf (2/3) Orc:2        Vaults (5/5) D:14
  Crypt (0/3) Vaults:3     Depths (4/4) D:15            Zot (5/5) Depths:4
 WizLab (visited)

Altars:
Ashenzari
Dithmenos
Elyvilon
Hepliaklqana
Kikubaaqudgha
Makhleb
Okawaru
Ru
Sif Muna
Trog
Uskayaw
Vehumet
Wu Jian
Xom
Yredelemnul
Zin
Lugonu

Shops:
D:11 (   Orc:1 :[   Orc:2 [!=([*:   Elf:1 :   Elf:2 [   Snake:2 =   Vaults:1 ?
Depths:1 (   Depths:2 *

Portals:
Hell: Depths:1 Depths:2 Depths:3
Abyss: Depths:2 Depths:3 Depths:4
Pandemonium: Depths:2
Ziggurat: Depths:4
Trove: Vaults:1 (give 17 potions of curing)

Annotations:
D:13 exclusion: downstairs
D:14 exclusion: orange crystal statue
Lair:2 3 runed translucent doors, Junaliek's ghost, journeyman MiFi
Vaults:4 exclusion: 2 downstairs
Zot:2 Boris
Zot:5 exclusion: orange crystal statue


Innate Abilities, Weirdness & Mutations

You are partially covered in large bone plates. (SH +4)
Your body sometimes deteriorates upon taking damage.
You are robust. (+10% HP)
Your muscles are strong. (Str +4, Int/Dex -1)
You have hidden genetic potential.


Message History

The sun demon attacks as it pursues you!
You block the sun demon's attack.
You see here a +0 hand axe.
The Orb Guardian attacks as it pursues you!
You block the Orb Guardian's attack. The Orb Guardian hits you!!
The Orb Guardian attacks as it pursues you!
The Orb Guardian barely misses you. You block the Orb Guardian's attack.
The Orb Guardian attacks as it pursues you!
The Orb Guardian hits you but does no damage.
There is a stone staircase leading up here.
You block the Orb Guardian's attack. x2
You fly upwards.
There is a stone staircase leading down here.
The Orb Guardian attacks as it pursues you!
The Orb Guardian hits you but does no damage.
The Orb Guardian closely misses you.
Aiming: Dig
Press: ? - help, Shift-Dir - straight line A rock wall.
This square is covered in magical glow.
The rock shatters into small pieces.
The Orb Guardian hits you! The Orb Guardian barely misses you.
You block the Orb Guardian's attack. You block the Orb Guardian's attack.
The Orb Guardian hits you but does no damage.
The Orb Guardian attacks as it pursues you!
The Orb Guardian hits you!
The Orb Guardian attacks as it pursues you!
You block the Orb Guardian's attack. You block the Orb Guardian's attack.
The Orb Guardian attacks as it pursues you!
The Orb Guardian hits you but does no damage.
The Orb Guardian hits you.
The Orb Guardian attacks as it pursues you!
The Orb Guardian barely misses you. You block the Orb Guardian's attack.
There is an escape hatch in the floor here.
There is a staircase leading out of the dungeon here.
You block the Orb Guardian's attack.
You have escaped!

.......####..........)..#.# #.
#.#.#.###...#######.......# #.
#.#.#.# #.### ###...### #.
#...#.###.#### #...# ##
#.###........# #...# ##
#.###.###.##.# #...# #.##
.............# ###...#####.###
.......##.#..######..............
.......##.#.....@X.........>....#
.....#.##...#######............#.
.>...#.###..# #.#...#.#######
######.###..# #.#...#.# #
#......# #.#...#.## #####.##
#........# #.# #........# # #.#
##....##.# ## #####.#
#####....##.#


You could see an Orb Guardian.

Vanquished Creatures
  5 dread liches
  An ancient lich (Zot:4)
  6 orbs of fire
  2 royal mummies (Depths:2)
  4 Killer Klowns
  A curse toe (Zot:3)
  4 golden dragons
  4 electric golems
  10 tentacled monstrosities
  A titan (Vaults:3)
  A lich (D:14)
  14 Orb Guardians (Zot:5)
  5 sphinxes
  An Executioner (D:11)
  4 death cobs
  3 tengu reavers
  5 shadow dragons
  5 protean progenitors
  A fire giant (Depths:3)
  6 storm dragons
  A nagaraja (WizLab)
  3 draconian shifters (Zot:5)
  2 frost giants
  4 draconian knights
  A deep elf elementalist (Elf:1)
  2 deep elf sorcerers (Vaults:5)
  A draconian scorcher (Zot:1)
  7 ghost moths
  9 vault wardens
  A draconian annihilator (Zot:4)
  A draconian stormcaller (Zot:3)
  7 stone giants
  A demonspawn corrupter (WizLab)
  5 ironbound preservers
  5 ironbound thunderhulks
  An eleionoma (Swamp:2)
  6 green draconians
  4 purple draconians
  2 deep elf demonologists (Elf:1)
  5 dire elephants
  5 very ugly things
  2 vampire knights
  2 deep elf annihilators (Orc:2)
  A war gargoyle (D:14)
  6 black draconians
  4 bunyips
  A yellow draconian (Zot:3)
  2 white draconians
  4 red draconians
  3 spark wasps
  An eidolon (Vaults:1)
  4 ettins
  12 slime creatures
  10 yaktaur captains
  A deep elf high priest (Elf:1)
  An entropy weaver (Vaults:2)
  A jiangshi (Vaults:3)
  2 fire dragons (Depths:2)
  A rakshasa (D:13)
  3 hydras
  A catoblepas (Lair:2)
  2 vault guards
  4 great orbs of eyes
  2 ice dragons
  3 anacondas
  A peacekeeper (Vaults:2)
  2 shambling mangroves (Swamp:3)
  A spriggan air mage (Depths:1)
  2 ogre magi
  An alligator (Lair:3)
  A ghost crab (Swamp:2)
  A hell beast (D:15)
  A merfolk aquamancer (WizLab)
  20 centaur warriors
  A radroach (Zot:3)
  3 ironbound frosthearts
  3 deep troll shamans
  4 two-headed ogres
  4 dancing weapons
  2 tengu warriors
  4 naga sharpshooters
  2 naga warriors (Snake:1)
  3 shock serpents
  5 deep troll earth magi
  4 occultists
  3 orc high priests
  A vampire mage (Depths:1)
  5 deep elf knights
  Amaemon (D:10)
  A titan skeleton (Depths:1)
  A skeletal warrior (Vaults:2)
  3 goliath frogs
  2 quicksilver dragon simulacra
  21 deep trolls
  7 arcanists
  2 spriggan druids
  3 mana vipers
  3 glowing orange brains
  7 deep elf archers
  A flayed ghost (Depths:2)
  3 swamp dragons
  2 necromancers
  2 bog bodies
  A naga ritualist (Snake:3)
  An orc knight (D:14)
  11 deep elf zephyrmancers
  A harpy (shapeshifter) (Vaults:4)
  10 ironbound convokers
  2 lindwurms
  A stone giant zombie (Depths:1)
  A harpy (D:14)
  An ugly thing (shapeshifter) (Vaults:4)
  A phantasmal warrior (Vaults:4)
  8 deep elf pyromancers
  4 salamanders
  2 orc sorcerers (Orc:2)
  An elephant (Lair:3)
  4 cyclopes
  A manticore (D:13)
  A shining eye (Zot:1)
  8 worldbinders (WizLab)
  7 ugly things
  2 will-o-the-wisps
  18 moths of wrath
  A fire giant skeleton (Vaults:2)
  4 guardian serpents
  A meliai (D:14)
  Joseph (Lair:1)
  A black mamba (shapeshifter) (Vaults:4)
  2 black mambas
  A kobold blastminer (D:12)
  2 naga magi (Snake:1)
  4 vault sentinels
  3 cane toads
  A gargoyle (D:10)
  A rime drake (shapeshifter) (Vaults:4)
  An orange demon (D:11)
  A rime drake (Lair:4)
  2 komodo dragons
  A tengu conjurer (D:12)
  29 yaktaurs
  A ghost moth simulacrum (Zot:3)
  A kobold demonologist (D:12)
  A troll (shapeshifter) (Vaults:5)
  2 trolls (D:12)
  A polar bear (Lair:1)
  A wind drake (shapeshifter) (Vaults:3)
  13 hornets
  A raiju (shapeshifter) (Vaults:4)
  7 blink frogs
  5 tyrant leeches
  A glass eye (Depths:2)
  A fire giant simulacrum (Depths:1)
  A draconian simulacrum (Zot:3)
  2 stone giant simulacra
  A glass eye (shapeshifter) (Vaults:4)
  2 dream sheep (shapeshifter)
  Sigmund (D:2)
  An air elemental (Elf:1)
  A shadow (D:10)
  2 spriggans
  A vampire (D:10)
  11 water elementals
  A basilisk (D:13)
  18 yaks
  4 wyverns
  A fire elemental (D:12)
  A basilisk (shapeshifter) (Elf:1)
  2 wargs
  A fire bat (shapeshifter) (Vaults:4)
  2 redbacks (Vaults:2)
  A yellow draconian simulacrum (Zot:3)
  3 steam dragons
  5 swamp worms
  3 nagas
  2 acid dragons
  7 water moccasins
  A glowing shapeshifter skeleton (Vaults:2)
  3 hell hounds (D:12)
  3 ice beasts
  3 swamp drakes
  An ogre skeleton (Vaults:2)
  10 orc warriors
  A sky beast (D:7)
  2 black bears
  A laughing skull (Vaults:3)
  3 wolves
  2 ogres
  13 centaurs
  A human skeleton (Vaults:2)
  3 kobold brigands
  3 scorpions
  7 bullfrogs
  An earth elemental (Elf:1)
  8 wights
  A burial acolyte (D:6)
  8 killer bees
  A howler monkey (D:12)
  4 crimson imps (D:10)
  2 lava snakes (D:10)
  5 jellies
  7 orc priests
  3 sleepcaps
  4 iguanas
  12 orc wizards
  2 mummies (Depths:2)
  6 gnolls
  9 adders
  2 white imps
  6 ufetubi
  4 adder zombies (D:6)
  3 dart slugs
  A ribbon worm (D:5)
  28 orcs
  8 endoplasms
  2 giant cockroaches (D:4)
  4 goblins
  2 hobgoblins (D:2)
  3 jackals (D:4)
  13 kobolds
  4 quokkas
  2 ball pythons
  3 bats
  A frilled lizard (D:1)
  A jackal zombie (D:6)
  3 rats (D:2)
  An aspiring flesh (Zot:4)
834 creatures vanquished.

Vanquished Creatures (collateral kills)
  A dread lich (Zot:5)
  An ancient lich (D:14)
  Mara (Snake:3)
  An orb of fire (Zot:5)
  A juggernaut (shapeshifter) (Zot:4)
  A royal mummy (Depths:1)
  Boris (Depths:2)
  Josephina (Zot:2)
  Parghit (Zot:2)
  A curse toe (Zot:3)
  A Killer Klown (Zot:5)
  The ghost of Xtruder99 the Cutthroat, a veteran GnFi of Cheibriados (Vaults:4)
  A golden dragon (shapeshifter) (Zot:3)
  11 golden dragons
  A bone dragon (Depths:1)
  A Tzitzimitl (Depths:2)
  11 Orb Guardians
  Jorgrun (D:15)
  17 tentacled monstrosities
  5 titans
  2 liches
  5 sphinxes
  4 quicksilver dragons
  A walking divine tome (Depths:2)
  4 death cobs
  Frances (D:12)
  8 storm dragons
  11 shadow dragons
  Donald (Snake:3)
  A shadow dragon (shapeshifter) (Zot:4)
  3 thorn hunters
  An azure jelly (shapeshifter) (Zot:4)
  2 tengu reavers
  2 protean progenitors
  3 draconian knights
  The ghost of Raspi the Warrior, a journeyman MiDe of Okawaru (Snake:1)
  The ghost of xelsha the Fighter, an adept GrBe of Trog (Swamp:3)
  2 fenstrider witches (Zot:3)
  4 nagarajas
  5 draconian shifters
  A frost giant (Vaults:5)
  2 iron dragons
  6 fire giants
  6 vault wardens
  2 draconian scorchers
  8 draconian monks
  A cacodemon (Vaults:4)
  2 orc warlords
  3 draconian annihilators
  15 ironbound preservers
  3 ghouls (Swamp:3)
  A formless jellyfish (Vaults:3)
  A ghost moth (Zot:3)
  10 stone giants
  17 very ugly things
  A spriggan defender (Depths:2)
  8 draconian stormcallers
  A rockslime (shapeshifter) (Zot:4)
  5 ironbound thunderhulks
  11 green draconians
  A very ugly thing (shapeshifter) (Zot:3)
  2 vampire knights
  A deep elf demonologist (Vaults:4)
  A deep elf death mage (Vaults:5)
  6 white draconians
  2 eleionomae
  8 black draconians
  3 war gargoyles
  5 red draconians
  8 dire elephants
  7 yellow draconians
  Azrael (D:12)
  5 purple draconians
  5 spark wasps
  A bunyip (Lair:3)
  A crystal guardian (Vaults:1)
  2 yaktaur captains
  11 ettins
  4 mummy priests (Depths:2)
  A shambling mangrove (Swamp:1)
  6 fire dragons
  A deep elf high priest (WizLab)
  Harold (D:12)
  24 vault guards
  4 great orbs of eyes
  6 salamander tyrants
  Erolcha (D:12)
  3 peacekeepers
  5 ice dragons
  6 ironbound frosthearts
  16 hydras
  A ghost crab (Swamp:3)
  An anaconda (shapeshifter) (Vaults:3)
  A catoblepas (D:13)
  An ogre mage (Vaults:5)
  A rakshasa (Depths:2)
  4 tengu warriors
  A radroach (Zot:3)
  5 boulder beetles
  8 alligators
  4 centaur warriors
  A merfolk aquamancer (WizLab)
  12 anacondas
  5 deep troll shamans
  A death knight (Vaults:2)
  7 deep troll earth magi
  9 naga warriors
  7 two-headed ogres
  2 dancing weapons
  A hell hog (D:15)
  6 hell knights
  11 shock serpents
  2 spriggan berserkers
  An orc high priest (Orc:2)
  A deep elf knight (Orc:2)
  5 salamander mystics
  10 naga sharpshooters
  8 skeletal warriors
  A shadow wraith (D:14)
  4 goliath frogs
  2 death drakes (Swamp:3)
  10 iron trolls
  5 naga ritualists
  6 mana vipers
  48 deep trolls
  4 glowing orange brains
  8 swamp dragons
  8 ironbound convokers
  2 arcanists
  6 bog bodies (Swamp:3)
  2 phantasmal warriors
  2 spriggan druids (Swamp:3)
  2 flayed ghosts
  6 deep elf pyromancers (Elf:1)
  4 deep elf archers (Orc:2)
  4 necromancers
  2 harpies (D:14)
  20 ugly things
  9 deep elf zephyrmancers
  6 orc knights
  An oklob plant (Lair:4)
  An orc sorcerer (Orc:1)
  A manticore (D:14)
  A shining eye (Zot:1)
  18 salamanders
  4 moths of wrath
  A meliai (shapeshifter) (Elf:1)
  3 cyclopes
  A faun (shapeshifter) (Depths:2)
  3 will-o-the-wisps
  8 elephants (Lair:3)
  8 meliai
  10 naga magi
  A black mamba (shapeshifter) (Vaults:3)
  A kobold blastminer (D:12)
  27 black mambas
  11 vault sentinels
  4 guardian serpents
  Maggie (Lair:1)
  A hellion (Depths:1)
  3 cane toads
  3 freezing wraiths
  A rime drake (Lair:2)
  6 yaktaurs
  2 tengu conjurers
  2 komodo dragons
  A guardian mummy (Depths:2)
  A komodo dragon (shapeshifter) (Depths:2)
  A red devil (Depths:2)
  Psyche (D:11)
  2 trolls (D:12)
  2 polar bears (Lair:1)
  A troll (shapeshifter) (D:12)
  14 blink frogs
  5 hornets
  A hornet (shapeshifter) (D:12)
  7 tyrant leeches
  3 glass eyes
  A slime creature (shapeshifter) (D:15)
  3 wyverns
  A culicivora (shapeshifter) (Depths:3)
  13 slime creatures
  5 spriggans
  3 water elementals
  3 wraiths
  23 yaks
  4 fire elementals (D:12)
  A steam dragon (shapeshifter) (Vaults:3)
  A steam dragon (Lair:3)
  A warg (D:12)
  7 swamp worms
  36 nagas
  A small abomination (Depths:2)
  2 acid dragons (D:13)
  6 water moccasins
  2 laughing skulls (D:15)
  7 orc warriors
  13 swamp drakes
  3 ogres
  2 wolves (Lair:1)
  4 centaurs
  4 kobold brigands (D:12)
  3 gnoll sergeants (D:12)
  4 bullfrogs
  A necrophage (Swamp:3)
  A scorpion (Lair:2)
  A jelly (Lair:4)
  4 orc priests
  8 orc wizards
  7 orcs
  2 kobolds (D:12)
  A goblin (D:13)
  A spectral goblin (D:13)
  2 aspiring fleshes (Zot:1)
994 creatures vanquished.

Vanquished Creatures (others)
  12 orc warlords
  A draconian knight (Zot:4)
  A white draconian (Zot:4)
  A two-headed ogre (D:15)
  A centaur warrior (Vaults:1)
  3 orc sorcerers
  5 orc knights
  4 orc high priests
  A deep elf knight (Elf:1)
  A vault sentinel (Vaults:4)
  2 bloated husks
  An air elemental (Elf:2)
  16 orc warriors
  17 orc priests
  18 orc wizards
  49 orcs
  18 foxfires
151 creatures vanquished.

Grand Total: 1979 creatures vanquished

Notes
Turn   | Place    | Note
-------+----------+-------------------------------------------
     0 | D:1      | Gartch the Hill Orc Monk began the quest for the Orb.
     0 | D:1      | Reached XP level 1. HP: 19/19 MP: 1/1
   383 | D:1      | Reached XP level 2. HP: 19/27 MP: 2/2
   848 | D:2      | Reached skill level 5 in Axes
   848 | D:2      | Reached XP level 3. HP: 21/33 MP: 3/3
  1142 | D:2      | Noticed Sigmund
  1365 | D:2      | Reached XP level 4. HP: 4/41 MP: 4/4
  1557 | D:2      | Found a faded altar of an unknown god.
  2078 | D:3      | Identified the +0 ring mail of the New World {^Drain rCorr
                  | Str+4}
  2884 | D:4      | Reached skill level 1 in Armour
  2884 | D:4      | Reached XP level 5. HP: 41/47 MP: 5/5
  3169 | D:4      | Reached skill level 5 in Fighting
  3243 | D:4      | Found a glowing silver altar of Zin.
  3487 | D:5      | Entered Level 5 of the Dungeon
  3489 | D:5      | Noticed a water moccasin
  3500 | D:5      | Killed a water moccasin
  3501 | D:5      | Reached XP level 6. HP: 52/56 MP: 6/6
  3615 | D:5      | Noticed an ice beast
  3708 | D:5      | Became a worshipper of Beogh the Brigand
  3708 | D:5      | Reached * piety under Beogh
  3708 | D:5      | Reached ** piety under Beogh
  3854 | D:5      | Reached XP level 7. HP: 59/62 MP: 7/7
  4192 | D:5      | Found an iron altar of Okawaru.
  4573 | D:6      | Found a radiant altar of Vehumet.
  4648 | D:6      | Found a hide-covered altar of Uskayaw.
  4759 | D:6      | Noticed a steam dragon
  4861 | D:6      | Noticed a wyvern
  4872 | D:6      | Killed a wyvern
  4873 | D:6      | Reached XP level 8. HP: 71/71 MP: 8/8
  5061 | D:6      | Found an ancient bone altar of Kikubaaqudgha.
  5272 | D:6      | Reached skill level 10 in Axes
  5383 | D:6      | Found a burning altar of Makhleb.
  5790 | D:7      | Reached skill level 5 in Armour
  5804 | D:7      | Found a shimmering blue altar of Sif Muna.
  5980 | D:7      | Reached *** piety under Beogh
  6102 | D:7      | Reached XP level 9. HP: 73/76 MP: 9/9
  6136 | D:7      | Found a sacrificial altar of Ru.
  6250 | D:7      | Found a staircase to the Ecumenical Temple.
  6497 | D:8      | Got the Verses on the Ill-starred Tektite
  6678 | D:8      | Identified the +0 robe of the Swamp {Archmagi}
  6729 | D:8      | Noticed a two-headed ogre
  7178 | D:8      | Killed a two-headed ogre
  7704 | D:9      | Found a broken altar of Ashenzari.
  7761 | D:9      | Found a bloodstained altar of Trog.
  7770 | D:9      | Reached XP level 10. HP: 91/91 MP: 10/10
  8088 | D:9      | Found an ornate altar of the Wu Jian Council.
  8361 | D:10     | Entered Level 10 of the Dungeon
  8384 | D:10     | Noticed a two-headed ogre
  8548 | D:10     | Found a hazy altar of Hepliaklqana.
  8607 | D:10     | Found a shimmering altar of Xom.
  8657 | D:10     | Found a white marble altar of Elyvilon.
  8751 | D:10     | Reached **** piety under Beogh
  8936 | D:10     | Killed a two-headed ogre
  8937 | D:10     | Reached skill level 10 in Fighting
  9084 | D:10     | Found a staircase to the Lair.
  9090 | Lair:1   | Entered Level 1 of the Lair of Beasts
  9173 | Lair:1   | Noticed a black mamba
  9183 | Lair:1   | Killed a black mamba
  9184 | Lair:1   | Reached skill level 15 in Axes
  9254 | Lair:1   | Reached XP level 11. HP: 79/101 MP: 11/11
  9535 | Lair:1   | Gained Wargrak as an ally
  9552 | Lair:1   | Your ally Wargrak died
 10064 | D:11     | Found Madgh's Weapon Boutique.
 10098 | D:11     | Noticed a two-headed ogre
 10159 | D:11     | Noticed a cyclops
 10161 | D:11     | Noticed a centaur warrior
 10195 | D:11     | Noticed a cyclops
 10299 | D:10     | Killed a cyclops
 10328 | D:11     | Noticed Psyche
 10332 | D:11     | Found a frozen archway.
 10335 | D:11     | Killed Psyche
 10335 | D:11     | Reached ***** piety under Beogh
 10499 | D:10     | Upgraded the game from 0.31.0-9-g3a7656b989 to
                  | 0.31.0-11-ge490571c62
 10554 | D:11     | Noticed Amaemon
 10576 | D:10     | Killed Amaemon
 10585 | D:11     | Noticed a cyclops
 10649 | D:10     | Killed a cyclops
 10692 | D:10     | Killed a cyclops
 10693 | D:10     | Reached skill level 1 in Invocations
 10746 | D:11     | Killed a two-headed ogre
 10747 | D:11     | Reached skill level 2 in Invocations
 10790 | D:11     | Killed a centaur warrior
 10791 | D:11     | Reached skill level 10 in Armour
 10791 | D:11     | Reached XP level 12. HP: 65/112 MP: 12/14
 10884 | D:11     | Reached skill level 3 in Invocations
 11284 | D:12     | Gained Dorog as an ally
 11306 | D:12     | Noticed Azrael
 11320 | D:12     | Reached skill level 4 in Invocations
 11326 | D:12     | Killed Azrael
 11385 | D:12     | Gained Wargath as an ally
 11755 | D:12     | Noticed a boulder beetle
 11806 | D:12     | Killed a boulder beetle
 11853 | D:12     | Reached skill level 5 in Invocations
 11907 | D:12     | Noticed a tengu warrior
 11912 | D:12     | Killed a tengu warrior
 11913 | D:12     | Reached skill level 5 in Dodging
 12078 | D:12     | Found a staircase to the Orcish Mines.
 12106 | D:12     | Reached skill level 1 in Shields
 12256 | Lair:1   | Noticed Maggie
 12272 | Lair:1   | Killed Maggie
 12419 | Lair:1   | Reached skill level 6 in Invocations
 12515 | Lair:1   | Noticed Joseph
 12541 | Lair:1   | Killed Joseph
 12612 | Lair:1   | Identified the ring of Zuocaufe {^Contam rPois Will++ EV+5
                  | Int+2}
 12630 | Lair:1   | Identified the maw talisman "Cegguiry" {rF- rC+ rN+++
                  | Str+4}
 12751 | Lair:1   | Found a basalt altar of Yredelemnul.
 13382 | Lair:2   | Reached XP level 13. HP: 99/122 MP: 15/18
 13815 | Lair:2   | Reached skill level 7 in Invocations
 13926 | Lair:2   | Found a runed translucent gate.
 13927 | Lair:2   | Found a runed translucent gate.
 13928 | Lair:2   | Found a runed translucent gate.
 13929 | Lair:2   | Noticed Junaliek's ghost (journeyman MiFi)
 14174 | Orc:1    | Entered Level 1 of the Orcish Mines
 14482 | Lair:2   | Gained Korbok as an ally
 15161 | Lair:3   | Found a staircase to the Swamp.
 15183 | Lair:3   | Reached ****** piety under Beogh
 15347 | Lair:3   | Found a staircase to the Snake Pit.
 15369 | Lair:3   | Reached skill level 8 in Invocations
 15777 | Lair:3   | Reached skill level 5 in Shields
 16376 | Lair:4   | Found a staircase to the Slime Pits.
 16978 | Orc:1    | Noticed Erolcha
 17351 | D:12     | Killed Erolcha
 17549 | Orc:1    | Noticed Harold
 17573 | D:12     | Killed Harold
 17631 | Orc:1    | Found Xinuczet's Armour Shop.
 17889 | D:12     | Reached skill level 9 in Invocations
 18091 | Orc:1    | Found Unoumaar's Book Shoppe.
 18363 | Orc:2    | Entered Level 2 of the Orcish Mines
 18363 | Orc:2    | Found a staircase to the Elven Halls.
 18827 | Orc:2    | Found Fitomiffo's Antique Armour Shop.
 19032 | Orc:2    | Found Cyut's Distillery.
 19043 | Orc:2    | Bought a potion of berserk rage for 55 gold pieces
 19043 | Orc:2    | Bought a potion of heal wounds for 55 gold pieces
 19043 | Orc:2    | Bought a potion of heal wounds for 55 gold pieces
 19129 | Orc:2    | Found Uzyuh's Jewellery Shoppe.
 19135 | Orc:2    | Bought a ring of see invisible for 195 gold pieces
 19735 | Orc:2    | Noticed an orc warlord
 19863 | Orc:1    | Killed an orc warlord
 19864 | Orc:1    | Reached XP level 14. HP: 51/132 MP: 21/21
 22704 | Orc:2    | Found Qoepni's General Store.
 22705 | Orc:2    | Found Vethruala's Book Emporium.
 22707 | Orc:2    | Found Ociemm Pasm's Antique Armour Shoppe.
 22707 | Orc:2    | Found Xinusen's Antique Weapon Shoppe.
 22712 | Orc:2    | Bought a scroll of blinking for 105 gold pieces
 22712 | Orc:2    | Bought a scroll of teleportation for 42 gold pieces
 23540 | D:13     | Noticed Frances
 23551 | D:12     | Killed Frances
 23718 | D:13     | Reached skill level 10 in Invocations
 23739 | D:13     | Found a hazy altar of Hepliaklqana.
 24963 | D:14     | You fall into a shaft and drop 1 floor!
 24963 | D:15     | Entered Level 15 of the Dungeon
 25025 | D:15     | Found a flickering gateway to a bazaar.
 25036 | Bazaar   | Entered a bazaar
 25036 | Bazaar   | Found Joot Qada's Weapon Boutique.
 25036 | Bazaar   | Found Iwiw Bau's Weapon Shop.
 25036 | Bazaar   | Found Ekoefosi's Antique Armour Shop.
 25041 | Bazaar   | Bought a throwing net for 45 gold pieces
 25543 | D:15     | Found a staircase to the Depths.
 25543 | D:15     | Noticed a stone giant
 25549 | D:15     | Killed a stone giant
 25843 | D:15     | Noticed Jorgrun
 25861 | D:15     | Killed Jorgrun
 25944 | D:15     | Reached skill level 15 in Fighting
 25951 | D:15     | Reached skill level 11 in Invocations
 26709 | D:14     | Found a gate to the Vaults.
 27045 | D:14     | Identified the +8 flail "Jellyslayer" {venom, rF- Str+5
                  | Stlth+}
 27166 | D:14     | Reached XP level 15. HP: 128/141 MP: 23/23
 28778 | D:2      | Killed Sigmund
 29093 | Swamp:1  | Entered Level 1 of the Swamp
 31652 | Snake:1  | Entered Level 1 of the Snake Pit
 31748 | Lair:3   | Gained Zartorak as an ally
 32559 | Snake:1  | Noticed a thorn hunter
 32570 | Lair:3   | Killed a thorn hunter
 32672 | Snake:1  | Noticed a tentacled monstrosity
 32695 | Snake:1  | Killed a tentacled monstrosity
 32758 | Lair:3   | Upgraded the game from 0.31.0-11-ge490571c62 to
                  | 0.31.0-12-g77e489cdc1
 33336 | Snake:1  | Noticed a tentacled monstrosity
 33344 | Snake:1  | Killed a tentacled monstrosity
 33624 | Snake:1  | Identified the +4 ring mail of Pandemonium {rElec rC+++ rN+
                  | Slay-6}
 33659 | Snake:1  | Reached skill level 12 in Invocations
 35314 | Snake:1  | Found a runed translucent door.
 35314 | Snake:1  | Noticed Raspi's ghost (journeyman MiDe)
 36105 | Snake:1  | Killed Raspi's ghost
 36600 | Snake:2  | Found Fekem's Jewellery Boutique.
 37502 | Snake:1  | Gained Hilgar as an ally
 38739 | Snake:2  | Reached skill level 10 in Shields
 38794 | Snake:2  | Reached XP level 16. HP: 151/151 MP: 25/25
 40301 | Snake:2  | Reached skill level 13 in Invocations
 40347 | Snake:3  | Noticed a nagaraja
 40361 | Snake:2  | Killed a nagaraja
 41010 | Snake:3  | Noticed a nagaraja
 41028 | Snake:3  | Killed a nagaraja
 41680 | Snake:2  | Reached skill level 14 in Invocations
 42125 | Snake:4  | Entered Level 4 of the Snake Pit
 42216 | Snake:4  | Noticed Donald
 42651 | Snake:4  | Noticed Mara
 42659 | Snake:3  | Killed Mara
 43061 | Snake:3  | Killed Donald
 43463 | Snake:3  | Reached skill level 15 in Invocations
 45451 | Orc:2    | Bought a ring of willpower for 325 gold pieces
 45451 | Orc:2    | Bought a ring of protection from fire for 325 gold pieces
 45967 | Swamp:2  | Reached skill level 16 in Invocations
 47104 | Swamp:3  | Found a runed translucent gate.
 47128 | Swamp:3  | Found a runed translucent gate.
 47129 | Swamp:3  | Found a runed translucent gate.
 47319 | Swamp:3  | Noticed xelsha's ghost (adept GrBe)
 47432 | Swamp:3  | Killed xelsha's ghost
 47432 | Swamp:3  | Gained Brunolf as an ally
 47517 | Swamp:3  | Got Cafas's Elucidation of Striking and the Blizzard
 47641 | Swamp:4  | Entered Level 4 of the Swamp
 47850 | Swamp:3  | Reached skill level 17 in Invocations
 48502 | Swamp:4  | Noticed a tentacled monstrosity
 48522 | Swamp:3  | Reached XP level 17. HP: 158/158 MP: 29/29
 49640 | Swamp:3  | Killed a tentacled monstrosity
 50814 | Swamp:4  | Got a decaying rune of Zot
 52118 | Snake:4  | Reached skill level 18 in Invocations
 53824 | Snake:4  | Got a serpentine rune of Zot
 54488 | Orc:2    | Bought a ring of positive energy for 260 gold pieces
 54488 | Orc:2    | Bought the ring of Vohil {Ice rElec Str+2} for 561 gold
                  | pieces
 54583 | Elf:1    | Entered Level 1 of the Elven Halls
 55023 | Elf:1    | Got the Handbook of the Bonfire
 55634 | Elf:1    | Found Dabbac's Self-Improvement Boutique.
 56338 | Vaults:1 | Entered Level 1 of the Vaults
 57171 | D:14     | Reached skill level 19 in Invocations
 57571 | D:14     | Gained Dorog as an ally
 60183 | Vaults:1 | Reached XP level 18. HP: 156/169 MP: 31/31
 60201 | Vaults:1 | Reached skill level 15 in Shields
 60447 | Vaults:1 | Noticed an ancient lich
 60497 | D:14     | Killed an ancient lich
 60680 | Vaults:1 | Noticed a lich
 60721 | D:14     | Killed a lich
 61421 | Vaults:1 | Found Nasuith's Magic Scroll Boutique.
 62364 | D:14     | Reached skill level 15 in Armour
 62587 | Vaults:1 | Found a portal to a secret trove of treasure.
 64454 | Vaults:2 | Reached skill level 10 in Dodging
 70240 | Vaults:3 | Gained Thorok as an ally
 71181 | Vaults:3 | Reached XP level 19. HP: 157/179 MP: 32/32
 72525 | Vaults:3 | Found a staircase to the Crypt.
 73184 | Vaults:3 | Reached skill level 20 in Invocations
 73542 | Vaults:4 | Noticed a tentacled monstrosity
 73730 | Vaults:4 | Killed a tentacled monstrosity
 73784 | Vaults:3 | Gained mutation: You have hidden genetic defects.
                  | [mutagenic glow]
 73999 | Vaults:4 | Noticed a tentacled monstrosity
 74239 | Vaults:3 | Killed a tentacled monstrosity
 74617 | Vaults:4 | Identified the +8 whip of Taugrom {holy, rPois Will- Str+3
                  | Int+4}
 74689 | Vaults:4 | Noticed a tentacled monstrosity
 74698 | Vaults:3 | Killed a tentacled monstrosity
 74978 | Vaults:4 | Found a runed translucent gate.
 74978 | Vaults:4 | Found a runed translucent gate.
 74981 | Vaults:4 | Found a runed translucent gate.
 76996 | Elf:1    | Bought a manual of Invocations for 960 gold pieces
 77469 | Depths:1 | Entered Level 1 of the Depths
 77627 | D:15     | Gained mutation: You are frail. (-10% HP) [hidden defects]
 77628 | D:15     | Lost mutation: You are frail. (-10% HP) [potion of
                  | mutation]
 77628 | D:15     | Lost mutation: You have hidden genetic defects. [potion of
                  | mutation]
 77628 | D:15     | Gained mutation: Your mind is acute. (Int +4, Str/Dex -1)
                  | [potion of mutation]
 77628 | D:15     | Gained mutation: You occasionally lose the ability to drink
                  | potions when taking damage. [potion of mutation]
 77849 | D:15     | Lost mutation: You occasionally lose the ability to drink
                  | potions when taking damage. [potion of mutation]
 77849 | D:15     | Lost mutation: Your mind is acute. (Int +4, Str/Dex -1)
                  | [potion of mutation]
 77849 | D:15     | Gained mutation: You expend magic power (3 MP) to
                  | strengthen your wands. [potion of mutation]
 77849 | D:15     | Gained mutation: You are somewhat resistant to further
                  | mutation. [potion of mutation]
 77849 | D:15     | Gained mutation: You have an increased reservoir of magic.
                  | (+10% MP) [potion of mutation]
 78731 | D:15     | Reached skill level 21 in Invocations
 79655 | Depths:1 | Found a gateway to Hell.
 79655 | Depths:1 | Noticed a bone dragon
 80107 | Depths:1 | Reached skill level 22 in Invocations
 80625 | Depths:1 | Found Jezemep's Weapon Shop.
 80853 | Depths:1 | Found a shadowy altar of Dithmenos.
 81478 | Depths:1 | Killed a bone dragon
 82270 | D:15     | Gained Gorbash as an ally
 82273 | D:15     | Reached skill level 23 in Invocations
 82964 | Depths:2 | Found a one-way gate leading to the halls of Pandemonium.
 83214 | Depths:1 | Gained Jorge as an ally
 83215 | Depths:1 | Reached skill level 24 in Invocations
 83215 | Depths:1 | Reached XP level 20. HP: 152/189 MP: 39/39
 83358 | Depths:2 | Identified the +2 ring mail of Asekh {rElec rC+}
 83365 | Depths:2 | Found Tomefrim's Assorted Antiques.
 83373 | Depths:2 | Bought a scroll of teleportation for 87 gold pieces
 83698 | Depths:2 | Found a corrupted altar of Lugonu.
 83698 | Depths:2 | Found a one-way gate to the infinite horrors of the Abyss.
 85041 | Depths:1 | Reached skill level 25 in Invocations
 86579 | Depths:2 | Noticed a royal mummy
 87096 | Depths:1 | Killed a royal mummy
 87352 | Depths:2 | Noticed a royal mummy
 87362 | Depths:2 | Killed a royal mummy
 87600 | Depths:2 | Noticed a royal mummy
 87617 | Depths:2 | Killed a royal mummy
 88455 | Depths:3 | Found a magical portal.
 88464 | WizLab   | Entered Alistair's Party Mansion
 88594 | WizLab   | Reached skill level 26 in Invocations
 88612 | WizLab   | Reached skill level 1 in Evocations
 89400 | WizLab   | Reached skill level 5 in Evocations
 89455 | WizLab   | Noticed a golden dragon
 89455 | WizLab   | Noticed a golden dragon
 90113 | Depths:2 | Gained Bogric as an ally
 92096 | Vaults:4 | Found a runed translucent gate.
 92096 | Vaults:4 | Found a runed translucent gate.
 92097 | Vaults:4 | Noticed Xtruder99's ghost (veteran GnFi)
 92099 | Vaults:4 | Found a runed translucent gate.
 93475 | Depths:3 | Noticed Boris
 93592 | Depths:2 | Killed Boris
 94760 | Depths:4 | Entered Level 4 of the Depths
 94972 | Depths:3 | Reached XP level 21. HP: 134/195 MP: 41/41
 95829 | Depths:4 | Found a one-way gateway to a ziggurat.
 97356 | Depths:4 | Found a gate to the Realm of Zot.
 98927 | Elf:2    | Found Nuximuko's Armour Shop.
 98984 | Elf:2    | Paralysed by an air elemental for 1 turns
 99175 | Elf:2    | Paralysed by an air elemental for 1 turns
 99634 | Elf:1    | Gained Morbeogh as an ally
100553 | Vaults:5 | Entered Level 5 of the Vaults
102086 | Vaults:5 | Paralysed by a sphinx for 3 turns
102138 | Vaults:5 | Noticed a dread lich
102138 | Vaults:5 | Noticed a dread lich
102141 | Vaults:5 | Killed a dread lich
102144 | Vaults:5 | Killed a dread lich
102148 | Vaults:5 | Your ally Brunolf died
102178 | Vaults:5 | Your ally Zartorak died
102482 | Vaults:5 | Reached XP level 22. HP: 209/209 MP: 42/42
102821 | Vaults:5 | Noticed a golden dragon
102966 | Vaults:4 | Killed a golden dragon
102977 | Vaults:5 | Identified the ring of Patience {rElec rN+ Will+ Str+6
                  | Dex+3}
102977 | Vaults:5 | Identified the +0 leather armour of the Writhing Gods
                  | {Rampage rF++ Str+4}
103122 | Vaults:5 | Identified the +1 hand axe of Virtue {flame, rCorr}
104426 | Vaults:5 | Got Sumimaf's Octavo of Shadows and the Atmosphere
104431 | Vaults:5 | Got The Revealed Memoir of the Sage
104446 | Vaults:5 | Got a silver rune of Zot
105327 | Zot:1    | Entered Level 1 of the Realm of Zot
105327 | Zot:1    | Noticed a golden dragon
105342 | Zot:1    | Noticed a golden dragon
105350 | Depths:4 | Killed a golden dragon
105400 | Depths:4 | Killed a golden dragon
105505 | Zot:1    | Identified the +8 longbow of the King {freeze, Dex+3}
105603 | Zot:1    | Your ally Bogric died
105603 | Zot:1    | Your ally Dorog died
105606 | Zot:1    | Gained mutation: You sometimes lose your temper in combat.
                  | [mutagenic glow]
106854 | Zot:1    | Noticed a golden dragon
106881 | Depths:4 | Killed a golden dragon
107553 | Zot:1    | Noticed a golden dragon
107567 | Zot:1    | Killed a golden dragon
108353 | Orc:2    | Bought a twisted helmet for 313 gold pieces
108353 | Orc:2    | Identified the +2 helmet of Indecent Exposure {Regen+
                  | Dex+3} (You bought it in a shop on level 2 of the Orcish
                  | Mines)
108364 | Orc:2    | Bought a pair of distressingly furry boots for 313 gold
                  | pieces
108364 | Orc:2    | Identified the +1 pair of boots of Chill Winds {Fly rElec
                  | Regen+ Dex-4} (You bought it in a shop on level 2 of the
                  | Orcish Mines)
110074 | Zot:2    | Noticed a Killer Klown
110090 | Zot:2    | Killed a Killer Klown
110276 | Zot:2    | Noticed a golden dragon
110283 | Zot:2    | Killed a golden dragon
110832 | Zot:3    | Noticed a golden dragon
110845 | Zot:2    | Killed a golden dragon
110911 | Zot:3    | Noticed a golden dragon
110922 | Zot:2    | Killed a golden dragon
111140 | Zot:3    | Noticed a golden dragon
111174 | Zot:2    | Killed a golden dragon
111526 | Zot:3    | Identified the ring of Zifosa {Ice Will+ rCorr Slay+3}
111526 | Zot:3    | Noticed Josephina
111635 | Zot:2    | Killed Josephina
111650 | Zot:3    | Noticed an orb of fire
111701 | Zot:3    | Your ally Gorbash died
111702 | Zot:3    | Your ally Morbeogh died
111705 | Zot:3    | Killed an orb of fire
111712 | Zot:3    | Your ally Dorog died
111733 | Zot:3    | Noticed a curse toe
111746 | Zot:3    | Killed a curse toe
111999 | Zot:3    | Noticed Parghit
112262 | Zot:2    | Killed Parghit
112263 | Zot:2    | Reached XP level 23. HP: 215/218 MP: 28/44
113197 | Zot:3    | Reached skill level 10 in Evocations
113308 | Zot:3    | Noticed a golden dragon
113346 | Zot:3    | Killed a golden dragon
113408 | Zot:3    | Noticed a golden dragon
113420 | Zot:3    | Killed a golden dragon
114042 | Vaults:1 | Bought 2 scrolls of fear for 112 gold pieces
114042 | Vaults:1 | Bought a scroll of teleportation for 42 gold pieces
114042 | Vaults:1 | Bought a scroll of silence for 133 gold pieces
114042 | Vaults:1 | Bought a scroll of enchant armour for 105 gold pieces
114174 | Orc:1    | Bought a +2 pair of gloves of stealth for 301 gold pieces
114308 | Orc:2    | Bought a potion of cancellation for 112 gold pieces
114308 | Orc:2    | Bought a potion of haste for 140 gold pieces
114823 | Vaults:4 | Your ally Thorok died
114825 | Vaults:4 | Killed Xtruder99's ghost
114877 | Vaults:4 | Identified the +1 robe "Suigemint" {Str+3}
115538 | Zot:4    | Noticed a golden dragon
115799 | Zot:4    | Killed a golden dragon
116181 | Zot:4    | Noticed a curse toe
116189 | Zot:3    | Killed a curse toe
116310 | Zot:4    | Identified the +5 hand axe "Blob" {flame, rPois Int+4}
116351 | Zot:4    | Noticed a golden dragon
116422 | Zot:3    | Killed a golden dragon
116511 | Zot:4    | a rockslime changed into a shard shrike
116511 | Zot:4    | Noticed a shard shrike (glowing shapeshifter)
116515 | Zot:4    | a shard shrike changed into an iron giant
116522 | Zot:4    | an iron giant changed into a juggernaut
116522 | Zot:4    | Noticed a juggernaut (glowing shapeshifter)
116523 | Zot:4    | Killed a juggernaut
117151 | Zot:4    | Identified the +7 flail "Cimod" {heavy, Int+3}
117244 | Zot:4    | Gained Warrok as an ally
117450 | Zot:4    | a titan changed into a golden dragon
117450 | Zot:4    | Noticed a golden dragon (glowing shapeshifter)
117456 | Zot:3    | Killed a golden dragon
117867 | Zot:4    | Gained mutation: Your body sometimes deteriorates upon
                  | taking damage. [mutagenic glow]
117888 | Zot:3    | Gained mutation: You occasionally lose the ability to read
                  | scrolls when taking damage. [mutagenic glow]
118290 | Zot:4    | Noticed a golden dragon
118296 | Zot:4    | Your ally Korbok died
118297 | Zot:4    | a golden dragon changed into an azure jelly
118835 | Zot:5    | Entered Level 5 of the Realm of Zot
118835 | Zot:5    | Noticed a golden dragon
119244 | Zot:5    | Killed a golden dragon
119659 | Zot:4    | Your ally Warrok died
121657 | Zot:5    | Noticed a golden dragon
121682 | Zot:4    | Killed a golden dragon
121691 | Zot:4    | Lost mutation: Your body sometimes deteriorates upon taking
                  | damage. [potion of mutation]
121691 | Zot:4    | Lost mutation: You sometimes lose your temper in combat.
                  | [potion of mutation]
121692 | Zot:4    | Lost mutation: You are somewhat resistant to further
                  | mutation. [potion of mutation]
121692 | Zot:4    | Lost mutation: You occasionally lose the ability to read
                  | scrolls when taking damage. [potion of mutation]
121692 | Zot:4    | Lost mutation: You expend magic power (3 MP) to strengthen
                  | your wands. [potion of mutation]
121692 | Zot:4    | Gained mutation: You have hidden genetic potential. [potion
                  | of mutation]
121692 | Zot:4    | Gained mutation: You are vulnerable to cold. (rC-) [potion
                  | of mutation]
121692 | Zot:4    | Gained mutation: You possess an exceptional clarity of
                  | mind. [potion of mutation]
121809 | Zot:5    | Noticed a dread lich
121813 | Zot:5    | Noticed a Killer Klown
121819 | Zot:5    | Reached XP level 24. HP: 232/243 MP: 44/44
121819 | Zot:5    | Noticed an orb of fire
121820 | Zot:5    | Noticed a Killer Klown
121834 | Zot:5    | Gained mutation: Your body sometimes deteriorates upon
                  | taking damage. [an orb of fire]
121835 | Zot:5    | Your ally Jorge died
121835 | Zot:5    | Gained mutation: You are frail. (-10% HP) [an orb of fire]
121837 | Zot:5    | Killed an orb of fire
121845 | Zot:5    | Killed a Killer Klown
121850 | Zot:5    | Killed a Killer Klown
121862 | Zot:5    | Noticed a Killer Klown
121869 | Zot:5    | Killed a dread lich
121873 | Zot:5    | Noticed a dread lich
121873 | Zot:5    | Your ally Wargath died
121875 | Zot:5    | Killed a Killer Klown
121890 | Zot:5    | Killed a dread lich
121896 | Zot:5    | Noticed an orb of fire
121905 | Zot:5    | Gained mutation: You are clumsy. (Dex -2) [an orb of fire]
121907 | Zot:5    | Killed an orb of fire
122160 | Zot:4    | Lost mutation: Your body sometimes deteriorates upon taking
                  | damage. [potion of mutation]
122160 | Zot:4    | Lost mutation: You are vulnerable to cold. (rC-) [potion of
                  | mutation]
122160 | Zot:4    | Lost mutation: You possess an exceptional clarity of mind.
                  | [potion of mutation]
122160 | Zot:4    | Lost mutation: You are frail. (-10% HP) [potion of
                  | mutation]
122160 | Zot:4    | Gained mutation: You are robust. (+10% HP) [potion of
                  | mutation]
122160 | Zot:4    | Gained mutation: You are partially covered in large bone
                  | plates. (SH +4) [potion of mutation]
122196 | Zot:5    | Noticed an ancient lich
122248 | Zot:4    | Killed an ancient lich
122519 | Zot:5    | Noticed an orb of fire
122554 | Zot:5    | Your ally Hilgar died
122556 | Zot:5    | Killed an orb of fire
122615 | Zot:5    | Noticed a dread lich
122666 | Zot:4    | Killed a dread lich
122711 | Zot:5    | Noticed an orb of fire
123002 | Zot:5    | Gained mutation: Your health recovers twice as slowly from
                  | being drained. [an orb of fire]
123003 | Zot:5    | Killed an orb of fire
123045 | Zot:5    | Noticed a dread lich
123066 | Zot:5    | Killed a dread lich
123113 | Zot:5    | Noticed a Killer Klown
123168 | Zot:5    | Killed a Killer Klown
123188 | Zot:5    | Noticed an orb of fire
123189 | Zot:5    | Gained mutation: Potions are less effective at restoring
                  | your health. [an orb of fire]
123190 | Zot:5    | Gained mutation: You sometimes lose your temper in combat.
                  | [an orb of fire]
123192 | Zot:5    | Killed an orb of fire
123208 | Zot:5    | Lost mutation: You have an increased reservoir of magic.
                  | (+10% MP) [potion of mutation]
123208 | Zot:5    | Lost mutation: You are clumsy. (Dex -2) [potion of
                  | mutation]
123209 | Zot:5    | Lost mutation: You sometimes lose your temper in combat.
                  | [potion of mutation]
123209 | Zot:5    | Lost mutation: Your health recovers twice as slowly from
                  | being drained. [potion of mutation]
123209 | Zot:5    | Gained mutation: You have supernaturally acute eyesight.
                  | (SInv) [potion of mutation]
123209 | Zot:5    | Gained mutation: You are partially covered in iridescent
                  | scales. (AC +2) [potion of mutation]
123478 | Zot:5    | Noticed an orb of fire
123512 | Zot:5    | Gained mutation: Your body sometimes deteriorates upon
                  | taking damage. [an orb of fire]
123665 | Zot:5    | Killed an orb of fire
123677 | Zot:5    | Lost mutation: You are partially covered in iridescent
                  | scales. (AC +2) [potion of mutation]
123677 | Zot:5    | Lost mutation: Potions are less effective at restoring your
                  | health. [potion of mutation]
123677 | Zot:5    | Lost mutation: You have supernaturally acute eyesight.
                  | (SInv) [potion of mutation]
123677 | Zot:5    | Gained mutation: Your spells are a little easier to cast,
                  | but a little less powerful. [potion of mutation]
123677 | Zot:5    | Lost mutation: Your spells are a little easier to cast, but
                  | a little less powerful. [potion of mutation]
123677 | Zot:5    | Gained mutation: Your muscles are strong. (Str +4, Int/Dex
                  | -1) [potion of mutation]
124099 | Zot:5    | Got the Orb of Zot
124201 | Zot:3    | Noticed a seraph
124252 | Zot:2    | Noticed Boris
124352 | Depths:2 | Noticed Todenoam the pandemonium lord
124424 | D:15     | Noticed Waphicho the pandemonium lord
124497 | D:13     | Noticed a seraph
124511 | D:12     | Noticed Sizohekh the pandemonium lord
124821 | D:$      | Escaped with the Orb!

Illustrated notes

Levels and vault maps discovered:
D:1:      dpeg_arrival_tiny_i, layout_loops_cross, st_stairs_8,
          chequers_decorated_corner
D:2:      layout_loops_corners, shapermc_ecumenical_altar_mp_highgroup,
          minmay_octomino_e4, uniq_sigmund
D:3:      layout_loops_cross, hangedman_abyss_or_decor_stabs
D:4:      layout_rooms, nicolae_overflow_crystal_walls, minmay_misc_feat_room,
          minmay_box_of_dots
D:5:      layout_rooms, mainiacjoe_overflow_alcove_2
D:6:      layout_basic, mainiacjoe_overflow_tiny_flanked,
          lemuel_zombie_altar_kikubaaqudgha, mainiacjoe_overflow_boulevard,
          amcnicky_altar_gilded, serial_co_window_serial,
          co_window_of_opportunity_a, co_window_corner_a, co_window_paths_b,
          co_window_of_opportunity_a, co_window_corner_a,
          co_window_of_opportunity_a, co_window_corner_a, co_window_corner_cb,
          co_window_broadway_b, co_window_corner_ca, co_window_paths_c,
          glass_columns_c, glass_columns_a
D:7:      layout_rooms, lemuel_doored_altar, general_overflow_altar,
          temple_pool_b
D:8:      layout_loops_cross, minmay_misc_feat_four_crosses, dk_noncrumbling_2,
          hangedman_abyss_or_decor_jellyfish_corner
D:9:      layout_basic, lemuel_crystal_altar, bloody_trog,
          evilmike_ruin_ashenzari
D:10:     layout_roguey, led_xom_imps, mainiacjoe_overflow_catch_the_wave
D:11:     layout_rooms, serial_shops, shop_coins,
          portal_ice_cave_entry_pillars_2, uniq_amaemon, uniq_psyche
D:12:     layout_irregular_city, kennysheep_orc_monster_closet_entryway,
          uniq_azrael
D:13:     layout_gridville, nicolae_hepliaklqana_monster_ancestors, uniq_frances
D:14:     layout_loops_ring, david_vaults_1, serial_co_window_serial,
          co_window_corner_a, co_window_paths_a, co_window_paths_b,
          co_window_paths_b, co_window_corner_a, co_window_unsneaky_path_d,
          co_window_unsneaky_path_b, co_window_paths_c, co_window_corner_b,
          co_window_corner_ca, glass_columns_a, glass_columns_c,
          glass_columns_b, minmay_misc_feat_iff, minmay_protected_statue
D:15:     grunt_enter_depths_snipers, layout_irregular_city, serial_shops,
          bzr_entry_safe, uniq_jorgrun
Lair:1:   layout_chaotic_city, basic_altar, dreamdust_wasp_nest,
          grunt_megastairs_2, uniq_joseph, uniq_maggie
Lair:2:   layout_chaotic_city, gammafunk_ghost_necromancy,
          chequers_serial_rivers_large_a, st_stairs_10
Lair:3:   layout_regular_city, swamp_mist_pool, alex1729_snake_entry_snake,
          nicolae_quartered_pool_little
Lair:4:   layout_concentric_octagons, slime_entry_2
Swamp:1:  layout_basic_swamp, evilmike_swamp_ruin_house_4, swamp_pool_5,
          infiniplex_staircase_pool
Swamp:2:  layout_basic_swamp, evilmike_swamp_ruin_rubble_2
Swamp:3:  layout_basic_swamp, ebering_ghost_rock_garden,
          nicolae_swamp_stuck_in_the_mud
Swamp:4:  swamp_basic_johnstein, layout_basic_swamp, swamp_pool_1_2
Snake:1:  onia_ninara_swampy_vault, layout_concentric_octagons,
          hellmonk_ghost_happy_afterlife
Snake:2:  layout_chambers, serial_shops, nicolae_square_shop, special_room,
          grunt_ministairs_10
Snake:3:  layout_gridlike, serial_bayou_shore_b
Snake:4:  snake_pit_salamanders_mu, layout_misc_corridors, uniq_mara,
          uniq_donald
Orc:1:    layout_diamond_mine, serial_shops, shop, guppyfry_orc_lava_fort,
          uniq_erolcha, uniq_harold
Orc:2:    st_orc_congregation, layout_diamond_mine, serial_shops,
          nicolae_shop_hallway_plus, shop, nicolae_shop_getting_attention,
          nicolae_orc_quarried_blocks
Elf:1:    layout_loops_corners, nicolae_elf_blasts_and_bolts,
          nicolae_shop_self_help
Elf:2:    nicolae_elf_blades_splatter_lattice [nicolae_blade_lattice],
          layout_geoelf_grid, serial_shops, nicolae_stop_n_shop_1
Vaults:1: nicolae_vaults_variable_pillar_hall_cross,
          nicolae_vaults_storage_closets_3, nicolae_vaults_spaceships,
          hangedman_vaults_trim, vaults_room_pools,
          nicolae_vaults_more_shelving_2, vaults_dpeg_cross,
          grunt_vaults_trifunnel, nicolae_vaults_trapezoid_lopsided_3,
          nicolae_vaults_you_can_take_it_with_you,
          nicolae_vaults_ring_of_whatevers, nicolae_vaults_surprise_closet,
          layout_vaults_maze_snakey, nicolae_trove_entry_columns, serial_shops,
          nicolae_shop_tiny_waterfront
Vaults:2: nicolae_vaults_heart-shaped_vault, vaults_mumra_hexcomb,
          nicolae_vaults_three_branches, nicolae_vaults_little_ls,
          nicolae_vaults_sesquioval_fish, nicolae_vaults_closet_pinwheel_1,
          nicolae_vaults_tetromino_L_1, v_misc_27, layout_vaults_omnigrid
Vaults:3: hangedman_vaults_corner_blocks, nicolae_vaults_stairing_the_circle,
          nicolae_vaults_theta, grunt_vaults_diagonal,
          minmay_crypt_entry_simple_round, nicolae_vaults_stepped_doors,
          nicolae_vaults_more_shelving_1, v_pattern_5,
          nicolae_vaults_door_testing_chamber, vaults_room_fours,
          nicolae_vaults_double_plus_1, ontoclasm_vaults_pinch,
          nicolae_vaults_tetromino_T_2, vaults_dpeg_emergency_exit,
          layout_vaults_omnicross
Vaults:4: ploomutoo_gammafunk_ghost_potion_laboratory, v_misc_23,
          nicolae_vaults_thirteen_compartments, vaults_room_pools,
          nicolae_vaults_tetromino_Z_1, hangedman_vaults_stagger,
          nicolae_vaults_little_squares_5, layout_vaults_big_room
Vaults:5: serial_shops
Depths:1: layout_basic, serial_shops, shop, serial_bayou, serial_bayou_pond_e,
          serial_bayou_lagoon_a, serial_bayou_shore_b, serial_bayou_lake_a,
          grunt_mini_vestibule, minmay_fountain_box,
          chequers_serial_rivers_micro_e, nrook_mini_vaults,
          grunt_dithmenos_smoke, grunt_megastairs_3
Depths:2: ragdoll_tomb_raider, layout_gridlike, rand_demon_pan_entry_3,
          abyss_entry_flame_altar, hell_entry, roderic_lattice_octagonal_star,
          serial_shops, nicolae_shop_temple_entry_statues_fountains,
          infiniplex_staircase_zigzag_2
Depths:3: minmay_octo_star, layout_cave_shapes, dk_noncrumbling_4,
          abyss_entry_glasseish, hell_entry, infiniplex_enter_wizlab_water,
          uniq_boris
Depths:4: grunt_zot_entry_bicorn, layout_gridlike, enter_ziggurat_f,
          serial_co_window_serial, co_window_paths_b, co_window_paths_a,
          co_window_corner_a, co_window_corner_a, co_window_corner_a,
          co_window_2corner, co_window_corner_b, co_window_2corner,
          pf_coc_iceberg, abyss_entry_crystal, lemuel_another_geyser
Zot:1:    layout_gridville, grunt_megastairs_5
Zot:2:    layout_basic
Zot:3:    regret_index_malice_mire, layout_misc_corridors,
          regret_index_zotdec_split_disrupt, uniq_josephina, uniq_parghit
Zot:4:    layout_misc_corridors, hellmonk_formless_pools
Zot:5:    layout_cellular_growth, grunt_ministairs_2

Skill      XL: |  1  2  3  4  5  6  7  8  9 10 11 12 13 14 15 16 17 18 19 20 21 22 23 24 |
---------------+-------------------------------------------------------------------------+-----
Fighting       | 4 5 6 7 9 10 11 13 14 15 17 18 20 25 | 25.5
Axes           | 5 6 7 9 11 13 15 16 18 19 24 | 24.0
Armour         | 1 2 4 5 7 8 10 11 12 13 14 16 17 18 19 | 19.7
Dodging        | 4 5 7 8 9 10 11 12 13 | 13.0
Invocations    | 2 6 9 11 12 17 19 24 26 | 26.0
Shields        | 3 6 8 10 12 14 16 18 19 | 19.0
Evocations     | 9 12 | 12.0

Action                     |  1- 3 |  4- 6 |  7- 9 | 10-12 | 13-15 | 16-18 | 19-21 | 22-24 || total
---------------------------+-------+-------+-------+-------+-------+-------+-------+-------++-------
  Melee: Hand axe          |    65 |   118 |   279 |   568 |   983 |  1307 |  1252 |  1536 ||  6108
         War axe           |       |       |       |     3 |       |       |       |       ||     3
         Demon whip        |       |       |       |       |    10 |       |       |       ||    10
         Scimitar          |       |       |       |       |     1 |    37 |       |       ||    38
  Throw: Boomerang         |     3 |       |       |       |     3 |   218 |   135 |    14 ||   373
         Javelin           |       |     8 |    10 |    14 |    11 |       |       |       ||    43
 Invoke: Convert to Beogh  |       |     1 |       |       |       |       |       |       ||     1
         Recall Orcish Fol |       |       |       |     6 |    73 |    33 |    27 |    32 ||   171
         Give Item to Name |       |       |       |     2 |     2 |     3 |     3 |     2 ||    12
         Stop Recall       |       |       |       |     1 |    55 |    33 |    21 |     8 ||   118
         Smiting           |       |       |       |       |     3 |       |    25 |    45 ||    73
         Resurrection      |       |       |       |       |     1 |     1 |       |       ||     2
  Evoke: Wand              |       |       |       |       |       |       |    24 |    20 ||    44
         Phantom mirror    |       |       |       |       |       |       |       |     2 ||     2
    Use: Scroll            |     3 |     2 |     5 |     6 |     6 |    12 |    14 |    13 ||    61
         Potion            |       |       |     1 |     5 |     1 |     4 |     7 |    16 ||    34
   Stab: Distracted        |       |       |     1 |     6 |    21 |    29 |    28 |    23 ||   108
         Paralysed         |       |       |       |     2 |       |       |       |       ||     2
         Confused          |       |       |       |     1 |       |       |     2 |       ||     3
 Armour: Robe              |    26 |       |       |       |       |       |       |       ||    26
         Ring mail         |       |    58 |    11 |       |       |       |       |       ||    69
         Plate armour      |       |       |   276 |    85 |       |   172 |  1244 |   216 ||  1993
         Skin              |       |       |     7 |    64 |     2 |       |       |       ||    73
         Chain mail        |       |       |       |   449 |   908 |   960 |       |       ||  2317
         Ice dragon scales |       |       |       |       |       |       |     5 |       ||     5
         Gold dragon scale |       |       |       |       |       |       |       |   961 ||   961
  Dodge: Dodged            |    34 |    46 |    71 |   287 |   790 |   745 |   765 |   617 ||  3355
  Block: Buckler           |       |       |       |    28 |   321 |       |       |       ||   349
         Tower shield      |       |       |       |       |       |   983 |       |       ||   983
         Kite shield       |       |       |       |       |       |   529 |  1257 |  1442 ||  3228
         Reflection        |       |       |       |       |       |    79 |   121 |    36 ||   236
